 Dungeon Crawl Stone Soup version 0.27-a0-1136-g0b992a5a9d (webtiles) character file.

Game seed: 12449460052527559200

88 Mels the Insei (level 4, -1/28 HPs)
             Began as an Octopode Transmuter on May 4, 2021.
             Slain by an iguana (6 damage)
             ... on level 4 of the Dungeon.
             The game lasted 00:02:55 (2869 turns).

Mels the Insei (Octopode Transmuter)                Turns: 2869, Time: 00:02:55

Health: -1/28      AC:  1    Str:  9    XL:     4   Next: 53%
Magic:  7/8        EV: 13    Int: 16    God:
Gold:   86         SH:  0    Dex: 12    Spells: 7/8 levels left

rFire    . . .     SeeInvis .     - Unarmed
rCold    . . .     Faith    .   (no shield)
rNeg     . . .     Spirit   .   (helmet currently unavailable)
rPois    .         Reflect  .   (no amulet)
rElec    .         Harm     .   (no ring)
rCorr    .         Rampage  .   (no ring)
Will     .....                  (no ring)
Stlth    ++........             (no ring)
HPRegen  0.09/turn              (no ring)
MPRegen  0.11/turn              (no ring)
                                (no ring)
                                (no ring)

@: appendages
A: tentacle spike 3, almost no armour, amphibious, 8 rings, camouflage 1,
gelatinous body 1, (nimble swimmer 1), tentacles
a: End Transformation


You were on level 4 of the Dungeon.
One of your tentacles had grown a beastly spike.
You visited 1 branch of the dungeon, and saw 4 of its levels.

You collected 86 gold pieces.

Inventory:

Missiles
 h - a boomerang of dispersal
Scrolls
 b - a scroll of vulnerability {unknown}
 c - a scroll of fear {unknown}
 d - 2 scrolls of identify {unknown}
 f - a scroll of fog {unknown}
 g - a scroll of immolation {unknown}
 i - a scroll of enchant weapon {unknown}
Potions
 a - a potion of degeneration {unknown}
 e - a potion of heal wounds {unknown}


   Skills:
 + Level 1.4 Fighting
 + Level 2.3 Dodging
 + Level 3.2 Unarmed Combat
 * Level 2.6 Spellcasting
 * Level 2.7 Transmutations
 * Level 2.2 Poison Magic


You had 7 spell levels left.
You knew the following spells:

 Your Spells              Type           Power      Damage    Failure   Level
a - Beastly Appendage     Tmut           20%        N/A       6%          1

Your spell library contained the following spells:

 Spells                   Type           Power      Damage    Failure   Level
 Wereblood                Tmut           10%        N/A       10%         2
 Passwall                 Tmut/Erth      5%         N/A       17%         2
 Sandblast                Erth           4%         2d4       21%         1
 Spider Form              Tmut/Pois      5%         N/A       22%         3
 Stone Arrow              Conj/Erth      4%         3d7       52%         3
 Ice Form                 Ice/Tmut       6%         N/A       73%         4
 Petrify                  Tmut/Erth      6%         N/A       73%         4
 Hydra Form               Tmut           5%         N/A       87%         5
 Lee's Rapid Deconstruct  Erth           1%         3d5*      99%         5


Dungeon Overview and Level Annotations

Branches:
Dungeon (4/15)
 Temple: D:4-7

Altars:
Fedhas

Annotations:
D:2 1 runed translucent door, Crazy Yiuf


Innate Abilities, Weirdness & Mutations

One of your tentacles has grown a beastly spike.
You cannot wear most types of armour.
You are amphibious.
You can wear up to eight rings at the same time.
Your skin changes colour to match your surroundings (Stealth+).
Your rubbery body absorbs attacks. (AC +1, EV +1)
((You are camouflaged near water. (Stealth+)))
You have tentacles for arms and can constrict up to eight enemies at once.


Message History

No target in view!
An iguana comes into view.
The iguana moves out of view.
An iguana is nearby!
An iguana is nearby!
An iguana is nearby!
The iguana hisses angrily.
A nearby plant withers and dies.
You extend your transformation's duration.
You barely miss the iguana. You grab the iguana.
You pierce the iguana.
The iguana is lightly wounded.
You constrict the iguana, but do no damage.
The iguana bites you!
Ouch! That really hurt!
You are too injured to fight recklessly!
Throw: 4 boomerangs (disperse)
Press: ? - help, Shift-Dir - straight line, f - iguana
Aim: an iguana (lightly wounded, constricted by you, 89% to hit)
You throw a boomerang of dispersal.
The boomerang of dispersal hits the iguana but does no damage.
The iguana is lightly wounded.
You constrict the iguana, but do no damage.
The iguana completely misses you.
Throw: 3 boomerangs (disperse)
Press: ? - help, Shift-Dir - straight line, f/p - iguana
Aim: an iguana (lightly wounded, constricted by you, 89% to hit)
You throw a boomerang of dispersal.
The boomerang of dispersal hits the iguana but does no damage.
The iguana is lightly wounded.
You constrict the iguana, but do no damage.
The iguana bites you!
* * * LOW HITPOINT WARNING * * *
Throw: 2 boomerangs (disperse)
Press: ? - help, Shift-Dir - straight line, f/p - iguana
Aim: an iguana (lightly wounded, constricted by you, 89% to hit)
You throw a boomerang of dispersal.
The boomerang of dispersal hits the iguana but does no damage.
The iguana is lightly wounded.
You constrict the iguana. The iguana barely misses you. The iguana bites you.
You die...

.. #####. ..≈≈ ≈..
...... ... ≈≈≈..
..... ..♣♣♣≈≈≈≈♣.
#..# .P..≈≈♣≈≈..
######..##... ..≈≈..
.......l..###♣..♣..♣
###.@#.##.....#
#...)....)....#
#.#..#.##.....# #
#..#.###...##.##
#..#.##...<.....
#........#####..
..#.........#
.......#..#.#
##).#.#...#.#


You could see an iguana.

Vanquished Creatures
  Terence (D:2)
  3 adders (D:2)
  3 endoplasms
  A giant cockroach (D:3)
  2 goblins (D:1)
  4 hobgoblins
  2 jackals (D:1)
  4 kobolds
  2 quokkas (D:1)
  6 ball pythons
  6 bats
  3 rats (D:1)
37 creatures vanquished.

Vanquished Creatures (others)
  2 fungi (D:2)
  A plant (D:4)
3 creatures vanquished.

Grand Total: 40 creatures vanquished

Notes
Turn   | Place    | Note
-------+----------+-------------------------------------------
     0 | D:1      | Mels the Octopode Transmuter began the quest for the Orb.
     0 | D:1      | Reached XP level 1. HP: 13/13 MP: 3/3
   441 | D:1      | Reached XP level 2. HP: 18/18 MP: 5/5
   445 | D:1      | Reached skill level 1 in Poison Magic
   515 | D:1      | Found a faded altar of an unknown god.
  1284 | D:2      | Reached XP level 3. HP: 18/23 MP: 6/6
  1385 | D:2      | Found a blossoming altar of Fedhas.
  1407 | D:2      | Noticed Terence
  1528 | D:2      | Killed Terence
  1796 | D:2      | Reached XP level 4. HP: 6/28 MP: 7/7
  2411 | D:2      | Found a runed translucent door.
  2412 | D:2      | Noticed Crazy Yiuf
  2796 | D:3      | Noticed an ogre
  2869 | D:4      | Slain by an iguana

Illustrated notes

Levels and vault maps discovered:
D:1:      dpeg_arrival_three_smaller_balls, layout_loops_ring,
          hellmonk_ecumenical_altar_crossroads, hangedman_decor_growths
D:2:      layout_loops_ring, basic_altar, serial_bayou_pond_d, uniq_terence,
          uniq_crazy_yiuf_cottage
D:3:      layout_loops_ring, nicolae_overflow_hidden_temple, hex_medium,
          uniq_robin
D:4:      layout_loops_ring, fiery_altar_vehumet,
          chequers_temple_overflow_minitemple, serial_bayou_pond_a

Skill      XL: |  1  2  3 |
---------------+----------+-----
Poison Magic   | 1 2 |  2.2
Fighting       | |  1.4
Dodging        | |  2.3
Unarmed Combat | |  3.2
Spellcasting   | |  2.6
Transmutations | |  2.7

Action                   |  1- 3 |  4- 6 || total
-------------------------+-------+-------++-------
Melee: Unarmed           |    61 |    22 ||    83
       Constrict         |    17 |     9 ||    26
       Kick              |     9 |     6 ||    15
       Tentacles         |     7 |     1 ||     8
       Punch             |     1 |       ||     1
Throw: Boomerang         |       |     5 ||     5
 Cast: Beastly Appendage |    13 |     8 ||    21
 Stab: Sleeping          |     2 |     2 ||     4
Armor: Skin              |     4 |       ||     4
Dodge: Dodged            |    40 |    15 ||    55

Table legend: (Time is in decaauts)
 A = Elapsed time spent in this place.
 B = Non-inter-level travel time spent in this place.
 C = Inter-level travel time spent in this place.
 D = Time resting spent in this place.
 E = Time spent auto-exploring this place.
 F = Levels seen in this place.
 G = Mean time per level.
                   A        B        C        D        E       F      G
               +--------+--------+--------+--------+--------+-----+--------+
         Total |   2864 |   2785 |     79 |     30 |   2393 |   4 |  716.0 |
       Dungeon |   2864 |   2785 |     79 |     30 |   2393 |   4 |  716.0 |
               +--------+--------+--------+--------+--------+-----+--------+

Top non-repeatable levels by time:
     D:2: 1453 daAuts
     D:1: 1202 daAuts
     D:3: 150 daAuts
     D:4: 58 daAuts
